Map: Abyssal Reef LE

Players

Honor - Winner!

  • Race: Terran Terran
  • League: Master
  • Spawn Location: 11:00

A.I. 1 (Elite)

  • Race: Protoss Protoss
  • Spawn Location: 5:00

VOD

Have the link to the VOD?

Description

Time

  • Played on: Dec. 7, 2017, 4:59 a.m.
  • Length: 5:57
Show
View Real Time Build Order
Export as new Build Order

Honor Terran - Winner!

Build Orders:  

Get SALT Encoding   

  12  0:00  SCV  
  13  0:13  SCV  
  14  0:17  Supply Depot  
  14  0:25  SCV  
  15  0:39  SCV  
  15  0:41  Barracks  
  16  0:45  Refinery  
  16  0:51  SCV  
  17  1:01  Barracks  
  17  1:28  Orbital Command  
  17  1:29  Barracks Tech Lab  
  17  1:36  Barracks  
  17  1:48  Marine  
  17  1:49  Marine  
  19  1:58  Combat Shields  
  19  2:06  Marine  
  19  2:07  Marine  
  21  2:10  Supply Depot  
  21  2:17  Barracks  
  21  2:24  Marine  
  21  2:25  Marine  
  23  2:31  Marine  
  23  2:32  Barracks  
  24  2:42  Marine  
  24  2:43  Marine  
  26  2:47  Supply Depot  
  26  2:49  Marine  
  27  2:59  Marine  
  27  3:00  Marine  
  29  3:06  Marine  
  29  3:07  Marine  
  29  3:09  Supply Depot  
  31  3:17  Marine  
  31  3:18  Marine  
  31  3:19  Marine  
  34  3:24  Marine  
  34  3:25  Marine  
  36  3:35  Marine, Supply Depot  
  36  3:36  Marine  
  36  3:37  Marine  
  39  3:41  Marine  
  39  3:43  Marine  
  41  3:53  Marine  
  41  3:54  Marine  
  41  3:55  Marine  
  44  3:59  Marine  
  44  4:00  Marine  
  46  4:03  Supply Depot  
  46  4:11  Marine  
  46  4:12  Marine x2  
  49  4:17  Marine  
  49  4:18  Marine  
  51  4:28  Marine  
  51  4:29  Marine  
  51  4:30  Marine  
  54  4:35  Marine  
  54  4:36  Marine  
  54  4:37  Supply Depot  
  56  4:46  Marine  
  56  4:47  Marine  
  56  4:48  Marine  
  59  4:53  Marine  
  59  4:54  Marine  
  60  5:04  Marine  
  60  5:05  Marine, Supply Depot  
  60  5:06  Marine  
  58  5:10  Marine  
  58  5:12  Marine  
  59  5:22  Marine  
  59  5:23  Marine  
  59  5:24  Marine  
  62  5:28  Marine  
  62  5:29  Marine  
  62  5:37  Supply Depot  
Show
View Real Time Build Order
Export as new Build Order

A.I. 1 (Elite) Protoss 

Build Orders:  

Get SALT Encoding   

  12  0:00  Probe  
  13  0:13  Probe  
  14  0:20  Pylon  
  14  0:25  Probe  
  15  0:38  Probe  
  16  0:48  Assimilator  
  16  0:50  Probe  
  16  0:51  Gateway  
  17  1:02  Probe, Pylon  
  18  1:14  Probe  
  19  1:26  Probe  
  20  1:38  Probe  
  21  1:40  Gateway  
  21  1:41  Zealot  
  21  1:42  Cybernetics Core  
  23  1:51  Probe  
  23  1:52  Pylon  
  24  2:03  Probe  
  24  2:08  Zealot  
  27  2:15  Probe  
  28  2:16  Assimilator  
  28  2:21  Warp Gate  
  28  2:27  Adept, Probe  
  31  2:35  Adept  
  33  2:39  Probe  
  33  2:40  Pylon  
  34  2:51  Probe  
  34  2:54  Adept  
  37  3:02  Sentry  
  37  3:03  Probe  
  40  3:15  Probe  
  41  3:22  Nexus  
  41  3:27  Probe  
  41  3:30  Stalker  
  44  3:39  Probe  
  45  3:48  Robotics Facility  
  45  3:52  Probe  
  46  4:04  Probe  
  46  4:06  Pylon  
  47  4:23  Adept  
  47  4:24  Probe  
  50  4:30  Adept  
  52  4:34  Probe  
  52  4:36  Probe  
  54  4:44  Adept  
  56  4:46  Probe  
  56  4:48  Probe  
  56  4:51  Robotics Bay  
  58  4:55  Observer  
  58  4:58  Probe  
  60  5:00  Probe  
  60  5:01  Adept  
  60  5:03  Pylon  
  54  5:07  Stalker  
  54  5:10  Probe  
  54  5:12  Probe  
  50  5:21  Stalker  
  32  5:38  Probe  
Tags
 
League
Master
Matchup
PvT
Spawn Locations
Cross Positions
Add a new tag
Caveats
  • Supply blocks, unpowered buildings, or Contaminate may cause inaccurate times.
  • Supply counts are checked every 10 seconds.